 Dungeon Crawl Stone Soup version 0.28-a0-1624-g820543e53a (webtiles) character file.

Game seed: 14667752955899921361

20 frimble the Grasshopper (level 2, 0/22 HPs)
             Began as a Demonspawn Warper on Jan 23, 2022.
             Succumbed to an adder's poison
             ... on level 2 of the Dungeon.
             The game lasted 00:00:54 (1145 turns).

frimble the Grasshopper (Demonspawn Warper)         Turns: 1145, Time: 00:00:55

Health: 0/22       AC:  6    Str: 11    XL:     2   Next: 58%
Magic:  5/5        EV: 10    Int: 14    God:
Gold:   131        SH:  0    Dex: 12    Spells: 5/5 levels left

rFire   . . .      SeeInvis .   a - +0 short sword
rCold   . . .      Faith    .   (no shield)
rNeg    . . .      Spirit   .   f - +0 ring mail
rPois   .          Reflect  .   (no helmet)
rElec   .          Harm     .   (no cloak)
rCorr   .          Rampage  .   e - +0 pair of gloves
Will    .....                   (no boots)
Stlth   +.........              (no amulet)
HPRegen 0.07/turn               (no ring)
MPRegen 0.09/turn               (no ring)

@: lethally poisoned (0 -> -3)
A: demonic guardian 1
a: no special abilities


You were on level 2 of the Dungeon.
You visited 1 branch of the dungeon, and saw 2 of its levels.

You collected 131 gold pieces.

Inventory:

Hand Weapons
 a - a +0 short sword (weapon)
Armour
 e - a +0 pair of gloves (worn)
 f - a +0 ring mail (worn)
Scrolls
 c - a scroll of blinking


   Skills:
 + Level 2.2 Fighting
 + Level 2.0 Short Blades
 + Level 1.1 Throwing
 + Level 1.1 Armour
 + Level 1.9 Dodging
 + Level 2.2 Spellcasting
 + Level 2.8 Translocations


You had 5 spell levels left.
You didn't know any spells.
Your spell library contained the following spells:

 Spells                   Type           Power      Damage    Failure   Level
 Blink                    Tloc           18%        N/A       26%         2
 Gell's Gravitas          Tloc           9%         N/A       45%         3
 Lesser Beckoning         Tloc           9%         N/A       45%         3
 Teleport Other           Tloc           9%         N/A       45%         3
 Manifold Assault         Tloc           9%         N/A       99%         5


Dungeon Overview and Level Annotations

Branches:
Dungeon (2/15)

Altars:


Innate Abilities, Weirdness & Mutations

A weak demonic guardian rushes to your aid.


Message History

The adder poisons you!
Throw: 4 boomerangs (disperse)
Press: ? - help, Q - select action Shift-Dir - straight line, f/p - adder
Aim: an adder (38% to hit)
You throw a boomerang of dispersal.
The boomerang of dispersal barely misses the adder.
You feel sick. The adder bites you.
You are more poisoned.
The adder poisons you! The adder barely misses you.
Throw: 3 boomerangs (disperse)
Press: ? - help, Q - select action Shift-Dir - straight line, f/p - adder
Aim: an adder (38% to hit)
You throw a boomerang of dispersal.
The boomerang of dispersal hits the adder.
The adder blinks!
The adder is moderately wounded.
You feel sick.
Throw: 2 boomerangs (disperse)
Press: ? - help, Q - select action Shift-Dir - straight line, f/p - adder
Aim: an adder (moderately wounded, 38% to hit)
You throw a boomerang of dispersal.
The boomerang of dispersal barely misses the adder.
You feel sick. The adder barely misses you.
You hit the adder.
The adder is severely wounded.
* * * LOW HITPOINT WARNING * * *
You feel sick. The adder bites you but does no damage.
Throw: boomerang (disperse)
Press: ? - help, Q - select action Shift-Dir - straight line, f/p - adder
Aim: an adder (severely wounded, 38% to hit)
You throw a boomerang of dispersal.
The boomerang of dispersal misses the adder.
You feel sick. The adder bites you.
* * * LOW HITPOINT WARNING * * *
A demonic guardian appears!
The adder misses you.
You aren't carrying any potions.
Unknown command.
Okay, then.
Unknown command.
You die...

......# ##..#.####
.........# ######
##.##.##.# ###....#
......##.# #....#.#
##..####.# #....#.####
......##.####...5#...<#
##..............S######
..##....####...@# #.
#....# #....#
##....###....########
...........:.........
####...###....[†...###
..... #.........# #....
#............
#............
#....#.......


You could see an adder (ally target) and a friendly shadow imp (summoned).

Vanquished Creatures
  2 bats
  3 endoplasms (D:1)
  A giant cockroach (D:1)
  3 goblins (D:1)
  3 ball pythons
  A frilled lizard (D:1)
  3 kobolds (D:1)
  2 rats (D:1)
18 creatures vanquished.

Vanquished Creatures (collateral kills)
  A ball python (D:2)
1 creature vanquished.

Vanquished Creatures (others)
  4 toadstools (D:1)
4 creatures vanquished.

Grand Total: 23 creatures vanquished

Notes
Turn   | Place    | Note
-------+----------+-------------------------------------------
     0 | D:1      | frimble the Demonspawn Warper began the quest for the Orb.
     0 | D:1      | Reached XP level 1. HP: 16/16 MP: 3/3
    57 | D:1      | Reached skill level 1 in Armour
   194 | D:1      | Reached skill level 1 in Throwing
   342 | D:1      | Gained mutation: A weak demonic guardian rushes to your
                  | aid. [demonic ancestry]
   342 | D:1      | Reached XP level 2. HP: 19/22 MP: 5/5
   638 | D:1      | Found a faded altar of an unknown god.
  1144 | D:2      | HP: 1/22 [adder (4)]
  1145 | D:2      | Succumbed to an adder's poison

Illustrated notes

Levels and vault maps discovered:
D:1:      eino_arrival_druids_welcome, layout_rooms, basic_ecumenical_altar,
          minmay_gold_behind_fungi, serial_bayou_crossing
D:2:      layout_basic, minmay_misc_feat_plants, minmay_misc_feat_rows

Skill      XL: |  1  2 |
---------------+-------+-----
Armour         | 1 |  1.1
Throwing       | 1 |  1.1
Short Blades   | 2 |  2.0
Fighting       | |  2.2
Dodging        | |  1.9
Spellcasting   | |  2.2
Translocations | |  2.8

Action                   || total
-------------------------++-------
Melee: Short sword       ||    69
       Punch             ||     1
Throw: Boomerang         ||     5
Armor: Leather armour    ||    15
       Ring mail         ||     7
Dodge: Dodged            ||    36

Table legend: (Time is in decaauts)
 A = Elapsed time spent in this place.
 B = Non-inter-level travel time spent in this place.
 C = Inter-level travel time spent in this place.
 D = Time resting spent in this place.
 E = Time spent auto-exploring this place.
 F = Levels seen in this place.
 G = Mean time per level.
                   A        B        C        D        E       F      G
               +--------+--------+--------+--------+--------+-----+--------+
         Total |   1151 |   1116 |     35 |      0 |    943 |   2 |  575.5 |
       Dungeon |   1151 |   1116 |     35 |      0 |    943 |   2 |  575.5 |
               +--------+--------+--------+--------+--------+-----+--------+

Top non-repeatable levels by time:
     D:1: 986 daAuts
     D:2: 165 daAuts
